| | 8:18 | Overlord | |
| | 8:24 | Drone x12 | |
| | 8:36 | Unknown | |
| 12 | 8:44 | Overlord | |
| 12 | 8:49 | Drone | |
| 12 | 8:53 | Drone | |
| 14 | 9:02 | Drone | |
| 15 | 9:05 | Drone | |
| 16 | 9:26 | Hatchery | |
| 15 | 9:33 | Drone | |
| 15 | 9:34 | Drone | |
| 15 | 9:38 | Drone | |
| 18 | 9:40 | Extractor | |
| 17 | 9:53 | Spawning Pool | |
| 17 | 9:56 | Drone | |
| 17 | 10:01 | Drone | |
| 18 | 10:10 | Drone | |
| 19 | 10:20 | Drone | |
| 20 | 10:31 | Overlord | |
| 20 | 10:40 | Queen x2 | |
| 24 | 10:45 | Metabolic Boost | |
| 24 | 10:48 | Zergling x4 | |
| 26 | 11:13 | Hatchery | |
| 26 | 11:15 | Overlord | |
| 25 | 11:27 | Queen | |
| 25 | 11:30 | Drone x2 | |
| 25 | 11:32 | Drone | |
| 30 | 11:39 | Drone x2 | |
| 32 | 11:49 | Drone x2 | |
| 34 | 11:57 | Drone x4 | |
| 34 | 12:00 | Drone | |
| 39 | 12:03 | Drone | |
| 40 | 12:10 | Drone x3 | |
| 40 | 12:15 | Overlord | |
| 43 | 12:20 | Drone | |
| 43 | 12:22 | Overlord | |
| 42 | 12:49 | Evolution Chamber | |
| 41 | 13:16 | Drone x5, Overlord | |
| 41 | 13:17 | Overlord x2 | |
| 41 | 13:18 | Evolution Chamber | |
| 45 | 13:22 | Drone | |
| 45 | 13:23 | Drone x3 | |
| 45 | 13:24 | Queen | |
| 45 | 13:26 | Drone x2 | |
| 53 | 13:41 | Zergling x8 | |
| 55 | 13:47 | Drone x2 | |
| 59 | 13:53 | Overlord x3 | |
| 59 | 13:55 | Drone x3 | |
| 62 | 13:59 | Zerg Ground Armor Level 1 | |
| 62 | 14:00 | Zerg Melee Weapons Level 1 | |
| 62 | 14:02 | Zergling x8 | |
| 66 | 14:18 | Protoss Air Weapons Level 3, Protoss Shields Level 3, Terran Infantry Weapons Level 3, Terran Vehicle Armor Level 3, Terran Infantry Armor Level 3, Zerg Ground Armor Level 3, Protoss Ground Armor Level 3, Protoss Ground Weapons Level 3, Terran Ship Weapons Level 3, Zerg Missile Weapons Level 3, Protoss Air Armor Level 3, Terran Vehicle Weapons Level 3, Extractor, Zerg Flyer Armor Level 3, Terran Ship Armor Level 3, Zerg Flyer Weapons Level 3, Zerg Melee Weapons Level 3 | |
| 65 | 14:26 | Baneling Nest | |
| 65 | 14:28 | Lair | |
| 64 | 14:34 | Extractor | |
| 64 | 14:38 | Extractor | |
| 62 | 14:39 | Drone x7, Terran Infantry Armor Level 2, Terran Vehicle Weapons Level 2, Protoss Air Weapons Level 2, Zerg Ground Armor Level 2, Protoss Ground Armor Level 2, Zerg Flyer Weapons Level 2, Zerg Missile Weapons Level 2, Zerg Flyer Armor Level 2, Protoss Shields Level 2, Protoss Air Armor Level 2, Terran Infantry Weapons Level 2, Zerg Melee Weapons Level 2, Terran Ship Armor Level 2, Protoss Ground Weapons Level 2, Terran Ship Weapons Level 2, Terran Vehicle Armor Level 2 | |
| 62 | 14:40 | Drone | |
| 62 | 14:41 | Drone x4 | |
| 74 | 14:54 | Blink, Stimpack | |
| 74 | 14:55 | Overlord x3 | |
| 74 | 14:56 | Drone | |
| 74 | 14:57 | Drone x4 | |
| 74 | 14:59 | Drone | |
| 80 | 15:01 | Zerg Flyer Weapons Level 1, Zerg Melee Weapons Level 1, Terran Vehicle Weapons Level 1, Terran Infantry Weapons Level 1, Protoss Shields Level 1, Terran Ship Weapons Level 1, Protoss Ground Armor Level 1, Zerg Missile Weapons Level 1, Protoss Air Armor Level 1, Zerg Flyer Armor Level 1, Zerg Ground Armor Level 1, Protoss Air Weapons Level 1, Terran Vehicle Armor Level 1, Terran Infantry Armor Level 1, Terran Ship Armor Level 1, Protoss Ground Weapons Level 1 | |
| 80 | 15:15 | Resonating Glaives, Warp Gate, Charge, Weapon Refit, Neosteel Armor, Extended Thermal Lance | |
| 80 | 15:19 | Drone x4 | |
| 84 | 15:22 | Adrenal Glands, Ventral Sacs | |
| 84 | 15:25 | Drone x4 | |
| 84 | 15:26 | Overlord | |
| 84 | 15:28 | Enduring Locusts | |
| 88 | 15:29 | Personal Cloaking | |
| 88 | 15:30 | Hydralisk Den | |
| 88 | 15:31 | Drone x2 | |
| 88 | 15:32 | Drone x3 | |
| 88 | 15:34 | Drone | |
| 93 | 15:36 | Corvid Reactor, Combat Shield, Psionic Storm, Neosteel Frame, Infernal Pre-Igniter, Centrifical Hooks, Glial Reconstitution, Cloaking Field, Metabolic Boost, Tunneling Claws, Chitinous Plating, Durable Materials, Neural Parasite | |
| 93 | 15:40 | Extractor | |
| 92 | 15:44 | Muscular Augments x2, Burrow | |
| 92 | 15:46 | Extractor | |
| 91 | 15:58 | Pathogen Glands, Gravitic Boosters, Moebius Reactor, Hi-Sec Auto Tracking, Graviton Catapult, Caduceus Reactor, Gravitic Drive, Behemoth Reactor | |
| 91 | 16:07 | Hatchery | |
| 89 | 16:12 | Pneumatized Carapace, Concussive Shells | |
| 89 | 16:16 | Baneling x2 | |
| 89 | 16:17 | Baneling x2 | |
| 89 | 16:25 | Hydralisk | |
| 89 | 16:26 | Hydralisk x3 | |
| 89 | 16:27 | Hydralisk | |
| 97 | 16:55 | Unknown x5 | |
| | 17:03 | Overlord | |
| | 17:09 | Drone x12 | |
| | 17:21 | Unknown | |
| 12 | 17:29 | Overlord | |
| 12 | 17:34 | Drone | |
| 13 | 17:38 | Drone | |
| 14 | 17:47 | Drone | |
| 14 | 17:50 | Drone | |
| 16 | 18:11 | Hatchery | |
| 15 | 18:14 | Drone | |
| 15 | 18:18 | Drone | |
| 17 | 18:32 | Drone, Extractor | |
| 17 | 18:39 | Spawning Pool | |
| 16 | 18:42 | Drone | |
| 16 | 18:46 | Drone | |
| 18 | 18:58 | Drone | |
| 19 | 19:06 | Drone | |
| 20 | 19:16 | Drone | |
| 21 | 19:23 | Overlord | |
| 21 | 19:28 | Queen | |
| 21 | 19:29 | Queen | |
| 25 | 19:34 | Metabolic Boost | |
| 25 | 19:37 | Zergling x2 | |
| 25 | 19:38 | Zergling x2 | |
| 27 | 20:04 | Hatchery | |
| 26 | 20:09 | Drone x3 | |
| 26 | 20:10 | Drone | |
| 30 | 20:15 | Overlord | |
| 30 | 20:19 | Drone | |
| 31 | 20:28 | Drone x2 | |
| 33 | 20:33 | Queen | |
| 35 | 20:38 | Drone | |
| 35 | 20:40 | Drone | |
| 37 | 20:47 | Overlord | |
| 37 | 20:49 | Overlord | |
| 37 | 20:56 | Drone x3 | |
| 40 | 20:58 | Drone | |
| 40 | 21:00 | Drone | |
| 42 | 21:16 | Drone x6 | |
| 42 | 21:18 | Drone | |
| 47 | 21:36 | Drone x5 | |
| 47 | 21:37 | Drone | |
| 53 | 21:45 | Evolution Chamber | |
| 53 | 21:46 | Evolution Chamber | |
| 51 | 21:49 | Queen | |
| 53 | 22:00 | Drone | |
| 54 | 22:02 | Zergling x4 | |
| 54 | 22:03 | Zergling x2 | |
| 54 | 22:07 | Zergling x2 | |
| 58 | 22:11 | Zerg Ground Armor Level 1 | |
| 58 | 22:13 | Zerg Melee Weapons Level 1 | |
| 58 | 22:14 | Zergling x2 | |
| 59 | 22:24 | Drone | |
| 59 | 22:25 | Drone x5 | |
| 59 | 22:26 | Overlord | |
| 65 | 22:33 | Overlord | |
| 65 | 22:47 | Zergling x8 | |
| 69 | 22:55 | Extractor | |
| 68 | 22:59 | Baneling Nest | |
| 68 | 23:03 | Lair | |
| 67 | 23:07 | Extractor | |
| 67 | 23:09 | Extractor | |
| 65 | 23:24 | Extractor | |
| 64 | 24:04 | Drone x3 | |
| 64 | 24:05 | Drone, Overlord x5 | |
| 68 | 24:13 | Hydralisk Den | |
| 67 | 24:18 | Baneling | |
| 67 | 24:19 | Baneling x2 | |
| 67 | 24:20 | Baneling | |
| 67 | 24:35 | Hatchery | |